 Dungeon Crawl Stone Soup version 0.23.2-40-g277498a001 (webtiles) character file.

Game seed: 13088711050306692060

591 FishyPogo the Vexing (level 7, -3/40 HPs)
             Began as a Deep Elf Arcane Marksman on Aug 16, 2019.
             Was a Believer of Qazlal.
             Shot with an arrow by a centaur (12 damage)
             ... on level 5 of the Dungeon.
             The game lasted 00:23:39 (6351 turns).

FishyPogo the Vexing (Deep Elf Arcane Marksman)     Turns: 6351, Time: 00:23:40

Health: -3/40      AC:  6    Str:  4 (7)  XL:     7   Next: 16%
Magic:  0/12       EV: 15    Int: 18 (19) God:    Qazlal [**....]
Gold:   205        SH:  2    Dex: 14 (16) Spells: 1/10 levels left

rFire    + . .     SeeInvis .   b - +0 short sword
rCold    + . .     Gourm    .   (no shield)
rNeg     . . .     Faith    .   e - +0 robe
rPois    +         Spirit   +   k - +1 helmet
rElec    +         Reflect  .   (no cloak)
rCorr    +         Harm     .   j - +0 pair of gloves
MR       .....                  i - +0 pair of boots
Stlth    +.........             r - amulet of guardian spirit
HPRegen  0.13/turn              (no ring)
MPRegen  0.13/turn              (no ring)

@: resistant
A: no striking features
a: Upheaval, Renounce Religion


You were on level 5 of the Dungeon.
You worshipped Qazlal.
Qazlal was pleased with you.
You were not hungry.

You visited 1 branch of the dungeon, and saw 5 of its levels.

You collected 205 gold pieces.

Inventory:

Hand Weapons
 a - a +0 shortbow
 b - a +0 short sword (weapon)
Missiles
 c - 142 stones (quivered)
 d - 55 arrows
Armour
 e - a +0 robe (worn)
 i - a +0 pair of boots (worn)
 j - a +0 pair of gloves (worn)
 k - a +1 helmet (worn)
Jewellery
 r - an amulet of guardian spirit (around neck)
Wands
 y - a wand of disintegration (12)
Scrolls
 h - 5 scrolls of identify {unknown}
 l - a scroll of teleportation
 o - 4 scrolls of immolation {unknown}
 p - a scroll of remove curse
 s - 2 scrolls of magic mapping {unknown}
 u - 2 scrolls of amnesia {unknown}
Potions
 m - a potion of haste {unknown}
 n - 2 potions of resistance
 q - a potion of flight {unknown}
 t - a potion of brilliance {unknown}
 w - a potion of might {unknown}
 x - a potion of ambrosia {unknown}
Comestibles
 f - 7 rations
 z - 9 chunks of flesh


   Skills:
 + Level 2.3 Fighting
 - Level 3.0 Bows
 * Level 5.5 Dodging
 - Level 2.0 Spellcasting
 + Level 6.1 Hexes
 - Level 3.0 Translocations
 * Level 2.6 Invocations


You had one spell level left.
You knew the following spells:

 Your Spells              Type           Power        Failure   Level  Hunger
a - Corona                Hex            ###....      1%          1    #......
b - Slow                  Hex            ###.....     2%          2    ###....
c - Inner Flame           Hex/Fire       ##......     16%         3    ###....
d - Portal Projectile     Hex/Tloc       ###...       9%          3    ###....

Your spell library contained the following spells:

 Spells                   Type           Power        Failure   Level  Hunger
 Cause Fear               Hex            ###.......   14%         4    #####..
 Leda's Liquefaction      Hex/Erth       ##........   45%         4    #####..


Dungeon Overview and Level Annotations

Branches:
Dungeon (5/15)
 Temple: D:4-7

Altars:
Cheibriados
Qazlal
Yredelemnul


Message History

The centaur shouts!
The centaur shoots an arrow.
The arrow barely misses you.
It was a potion of degeneration.
There was something very wrong with that liquid.
You feel weakened.
You feel dopey.
You feel clumsy.
* * * LOW HITPOINT WARNING * * *
You feel sick.
The centaur shoots an arrow.
The arrow hits you.
* * * LOW HITPOINT WARNING * * *
You feel better.
The centaur shoots an arrow.
You block the arrow.
You hear an angry hiss.
A ball python comes into view.
The centaur shoots an arrow.
The arrow misses you.
The centaur unwields a +0 shortbow.
The centaur hits you.
* * * LOW HITPOINT WARNING * * *
You hit the centaur but do no damage. The centaur hits you.
* * * LOW HITPOINT WARNING * * *
You block the centaur's attack.
The centaur wields a +0 shortbow.
The centaur shoots an arrow.
The arrow hits you!
You die...

..# #.###..#####
.)######.##.......#
..................#
.....##...........###
..#.÷...............#
.........##.........#
....##.####....c....#
..###..###...S.....>#
......##....(...@<..#
##.......##......○..#
...########(........#
#.. ##.######## #.
#.# . #.# #.# #<#


You could see a centaur and a ball python.

Vanquished Creatures
  A phantom (D:4)
  A scorpion (D:5)
  A howler monkey (D:5)
  A bullfrog skeleton (D:5)
  A hound (D:4)
  A centaur skeleton (D:5)
  An orc wizard (D:4)
  A worker ant (D:5)
  Natasha (thrice) (D:2)
  2 hound skeletons (D:4)
  A gnoll (D:1)
  6 adders
  An adder zombie (D:5)
  An adder skeleton (D:4)
  4 dart slugs
  5 leopard geckos
  7 orcs
  2 ball pythons
  7 giant cockroaches
  6 goblins
  6 hobgoblins
  10 jackals
  5 kobolds
  2 quokkas (D:3)
  6 bats
  7 frilled lizards
  8 rats
97 creatures vanquished.

Notes
Turn   | Place    | Note
-------+----------+-------------------------------------------
     0 | D:1      | FishyPogo the Deep Elf Arcane Marksman began the quest for
                  | the Orb.
     0 | D:1      | Reached XP level 1. HP: 11/11 MP: 5/5
   517 | D:1      | Reached skill level 1 in Fighting
   517 | D:1      | Reached XP level 2. HP: 16/16 MP: 7/7
   976 | D:1      | Reached XP level 3. HP: 20/20 MP: 8/8
   980 | D:1      | Learned a level 2 spell: Slow
  1021 | D:1      | Learned a level 3 spell: Portal Projectile
  1889 | D:2      | Found a stormy altar of Qazlal.
  1897 | D:2      | Became a worshipper of Qazlal Stormbringer
  2100 | D:2      | Reached skill level 1 in Translocations
  2647 | D:2      | Reached XP level 4. HP: 23/25 MP: 9/9
  2689 | D:2      | Reached skill level 5 in Hexes
  2693 | D:2      | Noticed Natasha
  2708 | D:2      | HP: 1/25 [Natasha (8)]
  2713 | D:2      | Killed Natasha
  3160 | D:2      | Noticed Natasha
  3173 | D:2      | Killed Natasha
  3275 | D:2      | Noticed Natasha
  3363 | D:2      | Killed Natasha
  3363 | D:2      | Reached XP level 5. HP: 9/29 MP: 4/10
  3678 | D:3      | Found a snail-covered altar of Cheibriados.
  4175 | D:3      | Reached * piety under Qazlal
  4229 | D:3      | Found a basalt altar of Yredelemnul.
  5061 | D:4      | Reached XP level 6. HP: 30/35 MP: 11/11
  5523 | D:4      | Reached skill level 1 in Invocations
  5570 | D:5      | Entered Level 5 of the Dungeon
  5767 | D:4      | Reached ** piety under Qazlal
  5767 | D:4      | Reached skill level 5 in Dodging
  5862 | D:5      | Reached skill level 6 in Hexes
  5862 | D:5      | Reached XP level 7. HP: 14/40 MP: 4/12
  6111 | D:5      | Learned a level 3 spell: Inner Flame
  6351 | D:5      | Shot with an arrow by a centaur

Skill      XL: |  1  2  3  4  5  6 |
---------------+-------------------+-----
Fighting       | 1 2 |  2.3
Spellcasting   | 2 |  2.0
Translocations | 1 2 3 |  3.0
Bows           | 3 |  3.0
Dodging        | 3 4 5 |  5.5
Hexes          | 5 6 |  6.1
Invocations    | 2 |  2.6

Action                   |  1- 3 |  4- 6 |  7- 9 || total
-------------------------+-------+-------+-------++-------
Melee: Short sword       |   125 |   338 |    90 ||   553
 Fire: Shortbow          |    33 |    20 |     2 ||    55
Throw: Stone             |    10 |       |       ||    10
 Cast: Slow              |     5 |    37 |     9 ||    51
       Portal Projectile |     2 |     3 |       ||     5
       Corona            |       |    13 |     8 ||    21
  Use: Potion            |       |     1 |     3 ||     4
       Scroll            |       |     4 |     1 ||     5
 Stab: Sleeping          |     2 |       |       ||     2
  Eat: Chunk             |     6 |    14 |     2 ||    22
Armor: Robe              |    22 |    96 |    18 ||   136
Dodge: Dodged            |    97 |   239 |    68 ||   404
Block: Other             |       |    20 |    11 ||    31
